 Dungeon Crawl Stone Soup version 0.28-a0-973-ga7f8b01127 (webtiles) character file.

Game seed: 6247348889013151315

76 bearlyready the Insei (level 3, 0/27 HPs)
             Began as a Demigod Transmuter on Dec 2, 2021.
             Slain by a gnoll (7 damage)
             ... on level 1 of the Dungeon.
             The game lasted 00:04:31 (2760 turns).

bearlyready the Insei (Demigod Transmuter)          Turns: 2760, Time: 00:04:32

Health: 0/27       AC:  2    Str: 11    XL:     3   Next: 89%
Magic:  7/8        EV: 12    Int: 19    God:
Gold:   87         SH:  0    Dex: 14    Spells: 2/5 levels left

rFire   . . .      SeeInvis .     - Unarmed
rCold   . . .      Faith    .   (no shield)
rNeg    . . .      Spirit   .   a - +0 robe
rPois   .          Reflect  .   (helmet currently unavailable)
rElec   .          Harm     .   (no cloak)
rCorr   .          Rampage  .   (no gloves)
Will    .....                   (boots currently unavailable)
Stlth   +.........              (no amulet)
HPRegen 0.09/turn               (no ring)
MPRegen 0.11/turn               (no ring)

@: appendages
A: horns 2, talons 2, high mp 1, forlorn, divine attributes
a: End Transformation


You were on level 1 of the Dungeon.
You had temporarily grown beastly horns and talons.
You visited 1 branch of the dungeon, and saw 2 of its levels.

You collected 87 gold pieces.

Inventory:

Missiles
 f - 34 stones (quivered)
Armour
 a - a +0 robe (worn)
Scrolls
 b - a scroll of enchant armour {unknown}
 c - a scroll of acquirement {unknown}
 d - a scroll of teleportation {unknown}
 g - 2 scrolls of holy word {unknown}
Potions
 e - a potion of curing {unknown}


   Skills:
 - Level 0.8 Fighting
 - Level 1.7 Dodging
 + Level 3.7 Unarmed Combat
 - Level 1.7 Spellcasting
 + Level 3.1 Transmutations


You had 2 spell levels left.
You knew the following spells:

 Your Spells              Type           Power      Damage    Failure   Level
a - Beastly Appendage     Tmut           26%        N/A       4%          1
b - Wereblood             Tmut           13%        N/A       8%          2

Your spell library contained the following spells:

 Spells                   Type           Power      Damage    Failure   Level
 Freeze                   Ice            4%         1d3       17%         1
 Spider Form              Tmut/Pois      7%         N/A       26%         3
 Frozen Ramparts          Ice            2%         1d2       45%         3
 Ice Form                 Ice/Tmut       7%         N/A       65%         4
 Hailstorm                Conj/Ice       1%         3d3       86%         4


Dungeon Overview and Level Annotations

Branches:
Dungeon (2/15)


Innate Abilities, Weirdness & Mutations

You have temporarily grown beastly horns and talons.
You have an increased reservoir of magic. (+10% MP)
You shall have no god before yourself.
Your divine heritage dramatically boosts your attributes as you level up.


Message History

There are monsters nearby!
There are monsters nearby!
No reachable target in view!
The giant cockroach bites you but does no damage.
You hit the giant cockroach.
You kill the giant cockroach!
A worm comes into view.
Found a chain mail.
The gnoll hits you with a +0 flail.
You barely miss the gnoll. The gnoll closely misses you.
You hit the gnoll but do no damage. The gnoll misses you.
You hit the gnoll.
The gnoll is moderately wounded.
A hobgoblin opens the door.
The worm barely misses you. The gnoll hits you with a +0 flail!
You are too injured to fight recklessly!
You are too injured to fight recklessly!
You are too injured to fight recklessly!
You are too injured to fight recklessly!
You are too injured to fight recklessly!
There are monsters nearby!
You are too injured to fight recklessly!
You are too injured to fight recklessly!
The worm closely misses you.
There is a stone staircase leading up here.
The gnoll barely misses you.
You climb upwards.
There is a stone staircase leading down, spattered with blood here.
Casting: Beastly Appendage (safe; 4% risk of failure)
Confirm with . or Enter, or press ? or * to list all spells.
You grow a pair of large bovine horns.
Your feet morph into talons.
The gnoll closely misses you.
You barely miss the gnoll.
The gnoll is lightly wounded.
The gnoll hits you with a +0 flail!
* * * LOW HITPOINT WARNING * * *
You hit the gnoll. Your headbutt misses the gnoll.
The gnoll is severely wounded.
The gnoll hits you with a +0 flail!
You die...

#.#.# ##.##.##.#.##.##.##
#.#.#####.#.#.###.#.#.##
#.#....###...#####...##
#.#....# ##.........##
#.#....####'#######'# ###
#.#..>......### #..# #..
#.#...........####.## #..
#####.#....#.).##.).....###..
#...........@g...............
#..........#...########...#..
#..........#...### ##.......#
#..........##....###..#####.#
#..........##........######.#
#..........##....###.....##..
#..........####### #.....###.
#..........#########.....###.
##########.........).........


You could see a gnoll.

Vanquished Creatures
  2 gnolls
  An adder (D:1)
  A dart slug (D:1)
  2 ball pythons
  2 bats (D:1)
  5 endoplasms
  2 giant cockroaches (D:2)
  3 goblins
  6 hobgoblins
  6 jackals (D:1)
  4 kobolds
  A quokka (D:1)
  4 rats
39 creatures vanquished.

Notes
Turn   | Place    | Note
-------+----------+-------------------------------------------
     0 | D:1      | bearlyready the Demigod Transmuter began the quest for the
                  | Orb.
     0 | D:1      | Reached XP level 1. HP: 15/15 MP: 5/5
   469 | D:1      | Reached XP level 2. HP: 19/22 MP: 5/7
  1580 | D:1      | Reached XP level 3. HP: 21/27 MP: 8/8
  1583 | D:1      | Learned a level 2 spell: Wereblood
  2760 | D:1      | Slain by a gnoll

Illustrated notes

Levels and vault maps discovered:
D:1:      roderic_octagonal_star, layout_rooms
D:2:      layout_rooms, basic_altar, minmay_fractal_squares_gapless_5

Skill      XL: |  1  2  3 |
---------------+----------+-----
Transmutations | 2 3 |  3.1
Unarmed Combat | 3 |  3.7
Fighting       | |  0.8
Dodging        | |  1.7
Spellcasting   | |  1.7

Action                   || total
-------------------------++-------
Melee: Unarmed           ||   160
       Kick              ||    15
       Headbutt          ||     3
       Punch             ||     3
Throw: Stone             ||     3
 Cast: Beastly Appendage ||    13
  Use: Potion            ||     1
 Stab: Sleeping          ||     1
Armor: Robe              ||    22
       Skin              ||     1
Dodge: Dodged            ||    90

Table legend: (Time is in decaauts)
 A = Elapsed time spent in this place.
 B = Non-inter-level travel time spent in this place.
 C = Inter-level travel time spent in this place.
 D = Time resting spent in this place.
 E = Time spent auto-exploring this place.
 F = Levels seen in this place.
 G = Mean time per level.
                   A        B        C        D        E       F      G
               +--------+--------+--------+--------+--------+-----+--------+
         Total |   2753 |   2744 |      9 |    517 |   1837 |   2 | 1376.5 |
       Dungeon |   2753 |   2744 |      9 |    517 |   1837 |   2 | 1376.5 |
               +--------+--------+--------+--------+--------+-----+--------+

Top non-repeatable levels by time:
     D:1: 2183 daAuts
     D:2: 569 daAuts
